 Dungeon Crawl Stone Soup version 0.17.1-3-g152610e (webtiles) character file.

33369 Peloso the Blocker (level 13, -13/117 HPs)
             Began as a Minotaur Fighter on Apr 19, 2016.
             Was a High Priest of Okawaru.
             Mangled by Maud
             ... wielding a +1 eveningstar of draining
              (14 damage)
             ... on level 4 of the Lair of Beasts.
             The game lasted 00:58:52 (19156 turns).

Peloso the Blocker (Minotaur Fighter)              Turns: 19156, Time: 00:58:52

Health: -13/117    AC: 19    Str: 27    XL:     13   Next: 36%
Magic:  13/13      EV: 16    Int:  5    God:    Okawaru [*****.]
Gold:   903        SH: 15    Dex: 16    Spells: 0 memorised, 12 levels left

rFire  . . .     SeeInvis .     B - +2 long sword (holy)
rCold  . . .     Clarity  .     V - -1 swamp dragon armour (curse)
rNeg   . . .     SustAt   .     c - +0 shield
rPois  +         Gourm    .     (helmet restricted)
rElec  .         Spirit   .     r - +2 cloak {+Inv}
rCorr  .         Warding  .     X - +2 pair of gloves {Dex+3}
rMut   .         Stasis   .     i - +0 pair of boots {Stlth+}
MR     .....                    d - amulet of faith
Stlth  +++.......               G - ring of flight
                                s - +4 ring of strength

@: heroism, heavily drained, not resistant to hostile enchantments, fairly
stealthy
A: retaliatory headbutt, horns 2
a: Heroism, Finesse, Renounce Religion, Evoke Invisibility, Evoke Flight


You were on level 4 of the Lair of Beasts.
You worshipped Okawaru.
Okawaru was extremely pleased with you.
You were hungry.

You visited 3 branches of the dungeon, and saw 17 of its levels.
You also visited: Sewer and Volcano.

You collected 903 gold pieces.

Inventory:

Hand Weapons
 a - a +1 long sword
 p - a +4 flail
 y - the +9 demon trident of Gallantry {pierce, Int+4}
   (Okawaru gifted it to you on level 12 of the Dungeon)

   It inflicts extra damage upon your enemies.
   It affects your intelligence (+4).
 A - a +0 halberd of flaming
 B - a +2 long sword of holy wrath (weapon)
 C - a +2 rapier of flaming
 H - a cursed +1 long sword
 I - the +6 arbalest "Hellfire" {hellfire, rF++ rC- MR+}
   (You found it on level 8 of the Dungeon)

   It greatly protects you from fire.
   It makes you vulnerable to cold.
   It affects your resistance to hostile enchantments.
 L - a cursed +1 scimitar
 M - a +0 whip of flaming
 U - the +3 mace of Fortitude {crush, rN+ Dex+2}
   (You took it off a centaur on level 9 of the Dungeon)

   It inflicts extra damage upon your enemies.
   It affects your dexterity (+2).
   It protects you from negative energy.
Armour
 c - a +0 shield (worn)
 i - a +0 pair of boots of stealth (worn)
 l - a +1 plate armour of poison resistance
 r - a +2 cloak of invisibility (worn)
 V - a cursed -1 swamp dragon armour (worn)
 X - a +2 pair of gloves of dexterity (worn)
Jewellery
 d - an amulet of faith (around neck)
 j - an uncursed amulet of guardian spirit
 s - a +4 ring of strength (left hand)
 E - the ring "Toadiw" {rC+ Int+4 Stlth-}
   (You found it on level 9 of the Dungeon)

   [ring of loudness]

   It affects your intelligence (+4).
   It protects you from cold.
   It makes you less stealthy.
 G - a ring of flight (right hand)
 O - an uncursed ring of stealth
Wands
 b - a wand of lightning (3)
 D - a wand of enslavement (13)
 K - a wand of fireball (6)
 R - a wand of slowing (19)
 S - a wand of frost (34)
 Z - a wand of fireball (6)
Scrolls
 h - 2 scrolls of teleportation
 o - a scroll of blinking
 t - a scroll of enchant weapon
 u - a scroll of identify
 z - a scroll of enchant armour
 P - a scroll of fear
Potions
 f - 2 potions of haste
 g - 3 potions of curing
 n - a potion of invisibility
 v - a potion of magic {unknown}
 w - 5 potions of heal wounds
 x - 2 potions of might
 F - 5 potions of berserk rage
 Q - a potion of flight
 W - 3 potions of brilliance
Comestibles
 e - 9 bread rations
 k - 8 meat rations
 m - 11 royal jellies
 q - 6 slices of pizza
 J - 4 chunks of flesh
 N - 11 fruits
 T - 5 beef jerkies


   Skills:
 + Level 11.7(13.2) Fighting
 + Level 13.8(15.1) Long Blades
 + Level 2.3(4.5) Maces & Flails
 + Level 12.9(14.3) Armour
 + Level 5.8(7.7) Dodging
 + Level 1.2(3.5) Stealth
 + Level 14.7(16.0) Shields
 + Level 1.4(0.0) Invocations


You had 12 spell levels left.
You didn't know any spells.

Dungeon Overview and Level Annotations

Branches:
Dungeon (12/15)            Temple (1/1) D:7            Lair (4/8) D:8
 Shoals (0/4) Lair:3       Spider (0/4) Lair:3          Orc (0/4) D:12

Altars:
Ashenzari
Cheibriados
Dithmenos
Elyvilon
Fedhas
Gozag
Kikubaaqudgha
Makhleb
Nemelex Xobeh
Okawaru
Qazlal
Ru
Sif Muna
Trog
Vehumet
Xom
Yredelemnul
Zin
The Shining One
Beogh

Shops:
D:5 :

Annotations:
Lair:4 Maud


Innate Abilities, Weirdness & Mutations

You reflexively headbutt those who attack you in melee.
You have a pair of horns on your head.


Message History

Maud hits you but does no damage.
You feel drained.
You hit Maud but do no damage.
Maud is severely wounded.
Maud hits you with an eveningstar of draining!
You feel drained.
You hit Maud.
Maud is severely wounded.
Some of the chunks of flesh in your inventory have rotted away.
You barely miss Maud.
Maud is severely wounded.
Maud hits you with an eveningstar of draining!!
You feel drained.
You hit Maud. You headbutt Maud.
Maud is severely wounded.
You slash Maud!
Maud is almost dead.
Maud hits you with an eveningstar of draining!!
* * * LOW HITPOINT WARNING * * *
You feel drained.
You die...

...8%..........8.
......#..8...#..........
.....#.......#..........
.....##......#..........
......#......##.#..#....
......#.+#.#............
..#.........#..<(.......
.###.....####....@......
.........####...@.......
........................
..................$.....
.........##.#...........
.......##.###...........
.....>.# ## #...........
....... #...........
...... ............ ###
########.#.#


You could see Maud.

Vanquished Creatures
  A hydra (Lair:1)
  A wizard (D:9)
  4 unseen horrors
  A lindwurm (Volcano)
  2 hill giants (D:12)
  3 ugly things
  A cyclops (D:12)
  2 black mambas
  A siren (Lair:3)
  A manticore (D:12)
  A centaur zombie (D:12)
  Psyche (D:11)
  2 gargoyles (D:12)
  2 spiny frogs (Lair:1)
  4 molten gargoyles (Volcano)
  A fire drake (Lair:3)
  A merfolk (Lair:3)
  5 komodo dragons
  2 trolls (D:9)
  2 two-headed ogres
  3 slime creatures
  The ghost of GFox the Caller, an amateur TeSu (D:4)
  24 yaks
  5 blink frogs (Lair:3)
  A wraith (D:10)
  A shadow (D:12)
  3 hungry ghosts
  A wyvern (D:11)
  A deep elf fighter (D:8)
  Grum (D:11)
  A deep elf mage (D:9)
  6 fire elementals (Volcano)
  12 wolves
  A soldier ant (D:12)
  7 hippogriffs
  7 porcupines
  3 wasps
  2 eyes of draining
  4 ice beasts
  Purgy (Sewer)
  A spider (D:12)
  6 orc warriors
  2 sky beasts
  The ghost of BopBopBop the Skirmisher, an amateur DrCK of Xom (D:3)
  5 water moccasins
  A black bear (D:9)
  3 ogres
  A phantom (D:9)
  10 big kobolds
  6 crocodiles
  14 centaurs
  15 giant frogs
  A brain worm (D:12)
  A wyvern skeleton (D:7)
  A wyvern zombie (D:10)
  3 scorpions
  15 killer bees
  10 wights
  3 electric eels
  5 crimson imps
  5 jellies
  4 centaur skeletons
  2 giant frog zombies
  2 gnoll shamans
  A giant frog skeleton (D:5)
  8 hounds
  6 orc priests
  9 orc wizards
  5 worker ants
  10 iguanas
  A killer bee zombie (D:7)
  A hound skeleton (D:7)
  A hound simulacrum (D:8)
  17 adders
  13 gnolls
  A river rat (D:8)
  3 white imps (D:8)
  3 shadow imps
  2 ufetubi (D:8)
  2 oozes
  An adder zombie (D:6)
  6 worms
  An adder simulacrum (D:8)
  11 giant geckos
  53 orcs
  4 ball pythons
  6 hobgoblins
  15 bats
  4 giant cockroaches
  8 giant newts
  7 goblins
  3 jackals (D:2)
  27 kobolds
  4 quokkas
  A quokka zombie (D:5)
  16 rats
490 creatures vanquished.

Vanquished Creatures (others)
  A bat (D:8)
  12 fungi
  3 plants (D:8)
16 creatures vanquished.

Grand Total: 506 creatures vanquished

Notes
Turn   | Place    | Note
--------------------------------------------------------------
     0 | D:1      | Peloso the Minotaur Fighter began the quest for the Orb.
     0 | D:1      | Reached XP level 1. HP: 19/19 MP: 0/0
   151 | D:1      | Reached XP level 2. HP: 27/27 MP: 1/1
   177 | D:1      | Reached skill level 4 in Fighting
   194 | D:1      | You fall through a shaft!
   279 | D:2      | Reached XP level 3. HP: 33/33 MP: 2/2
  1833 | D:3      | Reached XP level 4. HP: 38/41 MP: 3/3
  1846 | D:3      | Reached skill level 1 in Dodging
  1846 | D:3      | Reached XP level 5. HP: 38/47 MP: 4/4
  1975 | D:3      | Reached skill level 5 in Shields
  2355 | D:3      | Found an opulent altar of Gozag.
  2358 | D:3      | Noticed BopBopBop's ghost (amateur DrCK)
  2374 | D:3      | Killed BopBopBop's ghost
  2374 | D:3      | Reached skill level 5 in Armour
  2374 | D:3      | Reached XP level 6. HP: 46/53 MP: 1/5
  2910 | D:4      | Got an iridescent rapier
  2911 | D:4      | Identified the +6 rapier of Byc Uly {antimagic, +Blink rN+} (You found it on level 4 of the Dungeon)
  2946 | D:4      | Noticed GFox's ghost (amateur TeSu)
  2959 | D:4      | HP: 1/55 [white imp/puff of frost[GFox's ghost] (13)]
  3335 | D:4      | Got a polished hand axe
  3336 | D:4      | Identified the +4 hand axe of Prudence {chop, Int+5 Dex+3} (You found it on level 4 of the Dungeon)
  3536 | D:5      | Entered Level 5 of the Dungeon
  3541 | D:5      | Reached skill level 5 in Fighting
  3558 | D:5      | Found Jucueryss's Book Emporium.
  3573 | D:5      | Reached XP level 7. HP: 50/61 MP: 3/6
  3690 | D:5      | Reached skill level 5 in Long Blades
  3840 | D:5      | Reached skill level 6 in Shields
  4087 | D:5      | Found a glowing drain.
  4091 | Sewer    | Entered a sewer
  4192 | Sewer    | Noticed Purgy
  4205 | Sewer    | Killed Purgy
  4529 | D:6      | Reached XP level 8. HP: 57/69 MP: 7/7
  4638 | D:6      | Reached skill level 7 in Shields
  5647 | D:4      | Killed GFox's ghost
  5647 | D:4      | Reached skill level 8 in Shields
  6006 | D:7      | Reached XP level 9. HP: 63/78 MP: 6/8
  6164 | D:7      | Found a staircase to the Ecumenical Temple.
  6173 | Temple   | Entered the Ecumenical Temple
  6295 | Temple   | Became a worshipper of Warmaster Okawaru
  6416 | D:7      | Found a blossoming altar of Fedhas.
  6474 | D:7      | Found a radiant altar of Vehumet.
  6846 | D:8      | Reached * piety under Okawaru
  6895 | D:8      | Reached skill level 9 in Shields
  6917 | D:8      | Identified a scroll of acquirement
  7311 | D:8      | Reached ** piety under Okawaru
  7348 | D:8      | Found a glowing silver altar of Zin.
  7355 | D:8      | Found an opulent altar of Gozag.
  7360 | D:8      | Found a glowing golden altar of the Shining One.
  7423 | D:8      | Reached skill level 10 in Shields
  7431 | D:8      | Found a staircase to the Lair.
  7444 | D:8      | Reached XP level 10. HP: 80/86 MP: 9/9
  7652 | D:8      | Reached *** piety under Okawaru
  8302 | D:8      | Reached **** piety under Okawaru
  8302 | D:8      | Reached skill level 10 in Long Blades
  8425 | D:9      | Reached skill level 11 in Shields
  8683 | D:9      | Got a wavering platinum ring
  9016 | D:9      | Noticed a wizard
  9027 | D:9      | Killed a wizard
  9027 | D:9      | Reached ***** piety under Okawaru
  9027 | D:9      | Received a gift from Okawaru
  9027 | D:9      | Reached skill level 10 in Armour
  9074 | D:9      | Reached skill level 5 in Dodging
  9351 | D:9      | Reached XP level 11. HP: 95/95 MP: 10/10
 10082 | D:9      | Got an ivory mace {crush}
 10344 | D:10     | Entered Level 10 of the Dungeon
 10457 | D:10     | Reached skill level 12 in Shields
 10506 | D:10     | Killed an unseen horror
 10506 | D:10     | Reached skill level 1 in Stealth
 10547 | D:10     | Received a gift from Okawaru
 11548 | D:11     | Noticed Grum
 11912 | D:11     | Killed Grum
 11943 | D:11     | Killed an unseen horror
 11943 | D:11     | Reached skill level 1 in Invocations
 12169 | D:11     | Noticed Psyche
 12174 | D:11     | Killed Psyche
 12192 | D:11     | Killed an unseen horror
 12259 | D:11     | Identified the ring "Toadiw" {rC+ Int+4 Stlth-} (You found it on level 9 of the Dungeon)
 12362 | D:11     | Received a gift from Okawaru
 12806 | D:12     | Noticed a hill giant
 12811 | D:12     | Killed a hill giant
 12811 | D:12     | Reached skill level 13 in Shields
 12811 | D:12     | Reached XP level 12. HP: 102/106 MP: 11/11
 12843 | D:12     | Found a staircase to the Orcish Mines.
 12883 | D:12     | Reached skill level 10 in Fighting
 13337 | D:12     | Found a roughly hewn altar of Beogh.
 13599 | D:12     | Noticed a hill giant
 13607 | D:12     | Killed a hill giant
 13790 | D:12     | Received a gift from Okawaru
 13793 | D:12     | Got a steaming demon trident {god gift}
 13794 | D:12     | Identified the +9 demon trident of Gallantry {pierce, Int+4} (Okawaru gifted it to you on level 12 of the Dungeon)
 14461 | Lair:1   | Entered Level 1 of the Lair of Beasts
 14738 | Lair:1   | Gained mutation: You have a pair of large horns on your head. [potion of beneficial mutation]
 14744 | Lair:1   | Lost mutation: You have a pair of large horns on your head. [potion of cure mutation]
 14795 | Lair:1   | Reached skill level 14 in Shields
 14801 | Lair:1   | Reached ****** piety under Okawaru
 15025 | Lair:1   | Noticed a four-headed hydra
 15037 | Lair:1   | Killed a four-headed hydra
 15486 | Lair:2   | Received a gift from Okawaru
 15785 | Lair:2   | Reached XP level 13. HP: 93/116 MP: 12/12
 16312 | Lair:3   | Found a hole to the Spider Nest.
 16538 | Lair:3   | Found a dark tunnel.
 16607 | Volcano  | Entered a volcano
 16774 | Volcano  | Identified the cursed +3 mace of Fortitude {crush, rN+ Dex+2} (You took it off a centaur on level 9 of the Dungeon)
 17040 | Volcano  | HP: 3/116 [molten gargoyle/bolt of magma (16)]
 18114 | Lair:3   | Reached skill level 1 in Maces & Flails
 18222 | Lair:3   | Found a staircase to the Shoals.
 19133 | Lair:4   | Noticed Maud
 19156 | Lair:4   | HP: 1/117 [Maud/eveningstar of draining (35)]
 19156 | Lair:4   | Mangled by Maud

Action                   |  1- 3 |  4- 6 |  7- 9 | 10-12 | 13-15 || total
-------------------------+-------+-------+-------+-------+-------++-------
Melee: Long sword        |    73 |   135 |   458 |   921 |   118 ||  1705
       Rapier            |       |     3 |       |       |       ||     3
       Whip              |       |       |       |     9 |       ||     9
       Mace              |       |       |       |       |   100 ||   100
Invok: Heroism           |       |       |       |     6 |     3 ||     9
       Finesse           |       |       |       |       |     1 ||     1
 Abil: Evoke Flight      |       |       |       |       |     1 ||     1
  Use: Scroll            |     5 |     6 |     7 |    12 |     4 ||    34
       Potion            |       |     4 |       |     2 |     2 ||     8
  Eat: Chunk             |     3 |     6 |    12 |    27 |     6 ||    54
       Beef jerky        |       |       |     1 |     1 |     3 ||     5
       Pizza             |       |       |       |     1 |       ||     1
